 Dungeon Crawl Stone Soup version 0.31-a0-188-g5e087ee2ca (webtiles) character file.

Game seed: 1475911099084846230

3107 kae the Changer (level 9, 0/58 HPs)
             Began as an Octopode Transmuter on June 23, 2023.
             Slain by an ice beast (9 damage)
             ... on level 8 of the Dungeon.
             The game lasted 00:08:45 (6768 turns).

kae the Changer (Octopode Transmuter)               Turns: 6768, Time: 00:08:46

Health: 0/58       AC:  1    Str:  9    XL:     9   Next: 90%
Magic:  0/16       EV: 14    Int: 20    God:
Gold:   355        SH:  0    Dex: 12    Spells: 8/18 levels left

rFire   . .          .
                       - Unarmed
rCold   . . .        (no shield)
rNeg    . . .        (helmet restricted)
rPois   +            G - amulet of guardian spirit
rElec   .            P - ring of poison resistance
rCorr   .            c - ring of willpower
SInv    .            Y - +4 ring of slaying
Will    +....        (no ring)
Stlth   ++           (no ring)
HPRegen 0.29/turn    (no ring)
MPRegen 0.15/turn    (no ring)
                     (no ring)

%: guardian spirit
@: wereblooded, studying Earth Magic
A: almost no armour, amphibious, 8 rings, camouflage 1, gelatinous body 1,
(nimble swimmer 1), tentacles
a: no special abilities


You were on level 8 of the Dungeon.
You visited 1 branch of the dungeon, and saw 8 of its levels.
You also visited: Sewer.

You collected 394 gold pieces.
You spent 39 gold pieces at shops.


Innate Abilities, Weirdness & Mutations

You cannot wear most types of armour.
You are amphibious.
You can wear up to eight rings at the same time.
Your skin changes colour to match your surroundings (Stealth+).
Your rubbery body absorbs attacks. (AC +1, EV +1)
((You are camouflaged when in or above water. (Stealth+)))
You have tentacles for arms and can constrict up to eight enemies at once.


   Skills:
 + Level 4.1 Fighting
 + Level 4.3 Dodging
 * Level 6.4 Unarmed Combat
 + Level 5.1 Spellcasting
 * Level 7.6 Transmutations
 * Level 5.5 Ice Magic
 - Level 2.0 Poison Magic


You had 8 spell levels left.
You knew the following spells:

 Your Spells              Type           Power      Damage    Failure   Level
a - Beastly Appendage     Tmut           70%        N/A       1%          1
b - Wereblood             Tmut           35%        N/A       1%          2
c - Spider Form           Tmut/Pois      24%        N/A       4%          3
d - Ice Form              Ice/Tmut       31%        N/A       8%          4

Your spell library contained the following spells:

 Spells                   Type           Power      Damage    Failure   Level
 Freeze                   Ice            100%       1d10      1%          1
 Frozen Ramparts          Ice            54%        1d9       3%          3
 Ensorcelled Hibernation  Hex/Ice        32%        N/A       5%          2
 Hailstorm                Conj/Ice       16%        3d6       11%         3
 Anguish                  Hex/Necr       2%         N/A       75%         4

Inventory:

Missiles
 b - 69 stones
 r - 3 boomerangs
Magical Staves
 l - a staff of earth {!a}
   (You found it on level 4 of the Dungeon)
 v - a staff of cold {!a}
   (You found it on level 5 of the Dungeon)
Jewellery
 c - a ring of willpower (right tentacle)
   (You found it on level 1 of the Dungeon)
 G - an amulet of guardian spirit (around mantle)
   (You found it on level 7 of the Dungeon)
 P - a ring of poison resistance (left tentacle)
   (You found it on level 1 of the Dungeon)
 T - an amulet of faith {!P}
   (You found it on level 2 of the Dungeon)
 Y - a +4 ring of slaying (on tentacle)
   (You found it on level 6 of the Dungeon)
Wands
 t - a wand of polymorph (6)
   (You found it on level 5 of the Dungeon)
 z - a wand of mindburst (16)
   (You found it on level 7 of the Dungeon)
Scrolls
 f - 3 scrolls of teleportation {@r4}
 k - 2 scrolls of blinking {!r}
 n - a scroll of enchant weapon
 w - a scroll of enchant armour
Potions
 a - a potion of degeneration {!q}
 d - a potion of magic
 e - 2 potions of heal wounds {unknown}
 g - a potion of brilliance
 h - a potion of cancellation
 i - a potion of curing {@q1}
 j - 2 potions of haste {@q3}
 m - a potion of might
 o - a potion of enlightenment
 p - a potion of berserk rage {!q}
 s - a potion of resistance
 u - 3 potions of mutation {unknown}
 x - a potion of invisibility

Dungeon Overview and Level Annotations

Branches:
Dungeon (8/15) Zot: 26895  Temple (0/1) D:6           Sewer (visited)
   Lair: D:8-11

Altars:
Fedhas
Hepliaklqana
Kikubaaqudgha
Makhleb
Qazlal
Xom
Zin

Shops:
D:4 :[!=(   D:6 =   D:8 !

Annotations:
D:2 1 runed translucent door, Crazy Yiuf

#.. ...... #........^.....
... . ......#
#.#.###.....### ...
.#..~...## #..............
#..
#$#......####.#.###.....###
##$##....Y...
..#.#.###...#.#
##...#......#
#.#.#.......#.#
...........~# #.#.#.......#
. ..#........#
#.#...#####.# #
..........## #@#...# .#
.........## #Y#.<## .#
~#..#.##.#######....#
#........Y.........#
#..#............##.#
#.....##..#####.....#
#...#.....# #..#### ...
....... #..# . .........
...∩


You could see an ice beast.


Message History

A wolf comes into view.
The wolf howls! x2 😕 HP[+1]
An ice beast comes into view. 😕 MP[+1]
The wolf attacks as you move away! The wolf bites you but does no damage.
The wolf bites you. 😕 HP[-1] MP[-1]
You take 1 damage, and now have 52/69 hp.
You lost 1 mp, and now have 9/16 mp.
The wolf bites you.
The wolf barely misses you. 😮 HP[-2] MP[-1]
You take 2 damage, and now have 50/69 hp.
You lost 1 mp, and now have 8/16 mp.
The wolf closely misses you. 😮 HP[+1]
The wolf bites you. 😮 HP[-3] MP[-1]
You take 3 damage, and now have 48/69 hp.
You lost 1 mp, and now have 7/16 mp.
The wolf attacks as you move away!
The wolf bites you but does no damage. 😮 MP[+1]
The wolf attacks as you move away!
The wolf bites you but does no damage. x2
The wolf bites you. 😮 HP[-1] MP[-1]
You take 1 damage, and now have 47/69 hp.
You lost 1 mp, and now have 7/16 mp.
The wolf attacks as you move away! The wolf barely misses you. x3
The wolf attacks as you move away! The wolf bites you. 😮 HP[-5]
You take 5 damage, and now have 42/69 hp.
The wolf attacks as you move away! The wolf barely misses you. x2
The wolf attacks as you move away! The wolf bites you. x2
* * * LOW HITPOINT WARNING * * *
The wolf bites you but does no damage. 😨 HP[-8] MP[-1]
You take 8 damage, and now have 34/69 hp.
You lost 1 mp, and now have 6/16 mp.
The wolf attacks as you move away! The wolf bites you.
* * * LOW HITPOINT WARNING * * *
The wolf bites you but does no damage. 😨 HP[-2] MP[+1]
You take 2 damage, and now have 32/69 hp.
Casting: Ice Form (dangerous; 9% risk of failure)
Confirm with . or Enter, or press ? or * to list all spells.
Your blood is infused with primal strength.
The wolf closely misses you.
Your transformation is almost over.
The wolf barely misses you. The wolf bites you.
* * * LOW HITPOINT WARNING * * *
😨 HP[-4] MP[-3]
You take 4 damage, and now have 28/69 hp.
You lost 3 mp, and now have 4/16 mp.
You punch the wolf! You freeze the wolf. The wolf barely misses you.
You punch the wolf! You freeze the wolf.
You feel a bit better.
You kill the wolf!
The wolf barely misses you. 😨 HP[+2]
You regained 2 hp, and now have 30/69 hp.
Unknown command.
You hit the wolf. You freeze the wolf. The wolf bites you.
* * * LOW HITPOINT WARNING * * *
Unknown command.
You barely miss the wolf. The wolf barely misses you. The wolf bites you.
* * * LOW HITPOINT WARNING * * *
😨 HP[-2] MP[-1]
You take 2 damage, and now have 28/69 hp.
You lost 1 mp, and now have 3/16 mp.
You barely miss the wolf. The wolf bites you but does no damage.
The wolf bites you!
* * * LOW HITPOINT WARNING * * *
😨 HP[-6] MP[-1]
You take 6 damage, and now have 22/69 hp.
You lost 1 mp, and now have 2/16 mp.
Unknown command.
You punch the wolf! You freeze the wolf.
You howl as the wereblood boils in your veins!
The wolf bites you.
* * * LOW HITPOINT WARNING * * *
😨 HP[-3] MP[+1]
You take 3 damage, and now have 19/69 hp.
You hit the wolf. You freeze the wolf.
You hear the slow hiss of an avalanche of sand nearby.
The wolf barely misses you. The wolf bites you!
* * * LOW HITPOINT WARNING * * *
😱 HP[-6] MP[-1]
You take 6 damage, and now have 13/69 hp.
You lost 1 mp, and now have 2/16 mp.
You hit the wolf. You freeze the wolf. The wolf bites you.
* * * LOW HITPOINT WARNING * * *
😱 HP[-4]
You take 4 damage, and now have 9/69 hp.
You hit the wolf. You freeze the wolf.
You feel a bit better.
You kill the wolf!
You warm up again.
You now have 58 max hp (-11).
Unknown command.
You tentacle-slap the ice beast. You squeeze the ice beast.
The ice beast hits you. The ice beast freezes you!
You die...

Skill      XL: |  1  2  3  4  5  6  7  8  9 |
---------------+----------------------------+-----
Transmutations | 3 4 5 6 7 |  7.6
Poison Magic   | 1 2 |  2.0
Spellcasting   | 3 4 5 |  5.1
Ice Magic      | 1 2 4 5 |  5.5
Fighting       | 2 3 4 |  4.1
Unarmed Combat | 4 5 6 |  6.4
Dodging        | 3 4 |  4.3

Action                     |  1- 3 |  4- 6 |  7- 9 || total
---------------------------+-------+-------+-------++-------
  Melee: Unarmed           |    80 |   156 |   238 ||   474
         Kick              |    17 |    27 |     9 ||    53
         Constrict         |    20 |    31 |     8 ||    59
         Tentacles         |    10 |    23 |    14 ||    47
         Punch             |     3 |     1 |     2 ||     6
   Cast: Beastly Appendage |    13 |    18 |     4 ||    35
         Wereblood         |     1 |     6 |    10 ||    17
         Spider Form       |     1 |     3 |     3 ||     7
         Ice Form          |       |     1 |    17 ||    18
    Use: Potion            |     2 |       |     1 ||     3
         Scroll            |     3 |     4 |     8 ||    15
   Stab: Sleeping          |     4 |     5 |       ||     9
 Armour: Skin              |    11 |    13 |    92 ||   116
  Dodge: Dodged            |    51 |   100 |   155 ||   306

Levels and vault maps discovered:
D:1:      onia_arrival_pentagram, layout_basic
D:2:      layout_basic, serial_undead, serial_undead_a, serial_undead_c,
          serial_undead_e, serial_undead_d, uniq_crazy_yiuf_cottage
D:3:      layout_rooms, grunt_temple_overflow_growth_and_decay,
          gammafunk_temple_overflow_claw
D:4:      layout_gridville, serial_shops, shop, shop, shop, nicolae_shop_trees,
          shop, hangedman_decor_riveting, abandoned_shop
D:5:      minmay_spotlight, layout_loops_cross, makhleb_grotto_becter,
          gup_sewer_entry_bowl, kennysheep_generic_room_7
D:6:      layout_cave_pools, minmay_temple_entry_overgrown, serial_shops,
          nicolae_shop_real_fake_doors
D:7:      layout_cave_pools, nicolae_qazlal_scattered_showers,
          kennysheep_minor_cross
D:8:      layout_basic, hellmonk_lair_entry_icy, serial_shops, shop,
          chequers_ossuary_entry_cave

Notes
Turn   | Place    | Note
-------+----------+-------------------------------------------
     0 | D:1      | kae the Octopode Transmuter began the quest for the Orb.
     0 | D:1      | Reached XP level 1. HP: 13/13 MP: 3/3
     0 | D:1      | magus.rc [v1.11.3]
    93 | D:1      | HP: 2/13 [goblin/+0 dagger (2)]
   212 | D:1      | Reached XP level 2. HP: 18/18 MP: 3/5
   372 | D:1      | You pick up a book of Dreams and begin reading...
   372 | D:1      | You add the spells Ensorcelled Hibernation and Anguish to
                  | your library.
   468 | D:1      | HP: 1/18 [quokka (4)]
   477 | D:1      | Reached skill level 3 in Transmutations
   602 | D:1      | Reached XP level 3. HP: 23/23 MP: 4/6
   605 | D:1      | Learned a level 2 spell: Wereblood
   609 | D:1      | Learned a level 3 spell: Spider Form
   735 | D:1      | Reached skill level 1 in Poison Magic
   914 | D:2      | Reached XP level 4. HP: 28/28 MP: 4/7
  1135 | D:2      | Reached skill level 2 in Poison Magic
  1631 | D:2      | Found a runed translucent door.
  1632 | D:2      | Noticed Crazy Yiuf
  1687 | D:3      | Reached XP level 5. HP: 33/33 MP: 7/9
  1718 | D:3      | Reached skill level 4 in Transmutations
  1744 | D:3      | HP: 4/33 [orc priest/divine providence (9)]
  1749 | D:3      | HP: 4/33 [kobold/stone (1)]
  1973 | D:2      | Reached skill level 3 in Spellcasting
  2223 | D:3      | Reached XP level 6. HP: 16/37 MP: 8/11
  2307 | D:3      | Found a blossoming altar of Fedhas.
  2307 | D:3      | Found an ancient bone altar of Kikubaaqudgha.
  2324 | D:3      | Reached skill level 5 in Transmutations
  2438 | D:3      | Learned a level 4 spell: Ice Form
  2496 | D:3      | Found a glowing silver altar of Zin.
  2496 | D:3      | Found a hazy altar of Hepliaklqana.
  2497 | D:3      | Found a shimmering altar of Xom.
  2723 | D:4      | Found Jinigg's Distillery.
  2731 | D:4      | Bought a potion of curing for 39 gold pieces
  2901 | D:4      | Found Oxkeel's Jewellery Shoppe.
  2963 | D:4      | Found Egogasao's Antique Weapon Shoppe.
  3173 | D:4      | Reached skill level 1 in Ice Magic
  3243 | D:4      | Reached XP level 7. HP: 36/43 MP: 9/12
  3351 | D:4      | Found Teblesai's Armour Emporium.
  3368 | D:4      | Found Pigaim's Book Shoppe.
  3864 | D:5      | Entered Level 5 of the Dungeon
  3941 | D:5      | Reached skill level 2 in Ice Magic
  3953 | D:5      | HP: 8/44 [ogre/+0 giant club (19)]
  3977 | D:5      | Found a burning altar of Makhleb.
  4038 | D:5      | Reached skill level 2 in Fighting
  4038 | D:5      | Reached skill level 4 in Unarmed Combat
  4056 | D:5      | Reached skill level 4 in Spellcasting
  4070 | D:5      | Reached XP level 8. HP: 49/50 MP: 10/14
  4075 | D:5      | Found a glowing drain.
  4079 | Sewer    | Entered a sewer
  4543 | D:5      | Reached skill level 6 in Transmutations
  4550 | D:5      | Reached skill level 3 in Ice Magic
  4860 | D:6      | Reached skill level 3 in Dodging
  5268 | D:6      | Reached skill level 5 in Unarmed Combat
  5285 | D:6      | Reached skill level 3 in Fighting
  5333 | D:6      | Reached skill level 4 in Ice Magic
  5401 | D:6      | Found a staircase to the Ecumenical Temple.
  5559 | D:6      | Found Ykhao's Jewellery Shop.
  5593 | D:6      | You pick up a book of Frost and begin reading...
  5593 | D:6      | You add the spells Freeze, Frozen Ramparts and Hailstorm to
                  | your library.
  5621 | D:7      | Found a stormy altar of Qazlal.
  5630 | D:7      | Reached XP level 9. HP: 56/56 MP: 9/15
  5634 | D:7      | HP: 10/67 [orc/+1 hand axe of electrocution (18)]
  6014 | D:7      | Reached skill level 7 in Transmutations
  6257 | D:7      | Reached skill level 4 in Dodging
  6433 | D:7      | Noticed a hornet
  6438 | D:7      | Paralysed by a hornet for 2 turns
  6443 | D:7      | Killed a hornet
  6444 | D:7      | Reached skill level 6 in Unarmed Combat
  6444 | D:7      | Reached skill level 5 in Ice Magic
  6706 | D:8      | Found Yxoyssis's Distillery.
  6714 | D:8      | Noticed a rime drake
  6731 | D:8      | Killed a rime drake
  6732 | D:8      | Reached skill level 4 in Fighting
  6732 | D:8      | Reached skill level 5 in Spellcasting
  6765 | D:8      | HP: 13/69 [wolf (7)]
  6768 | D:8      | Slain by an ice beast

Vanquished Creatures
  A rime drake (D:8)
  A hornet (D:7)
  A wraith (D:7)
  A steam dragon (D:6)
  3 water moccasins
  An ice beast (D:5)
  An ogre (D:5)
  An orc warrior (D:7)
  2 wolves (D:8)
  3 phantoms
  A bullfrog (D:7)
  4 scorpions
  6 killer bees (D:7)
  3 hounds (D:6)
  A jelly (D:5)
  3 orc priests
  2 sleepcaps
  3 iguanas
  7 orc wizards
  10 adders
  4 gnolls
  2 adder zombies (D:2)
  2 adder skeletons (D:2)
  A worm (D:3)
  25 orcs
  6 ball pythons
  11 bats
  11 endoplasms
  A giant cockroach (D:1)
  9 goblins
  5 hobgoblins
  9 jackals
  6 quokkas
  A ball python zombie (D:2)
  A frilled lizard (D:2)
  8 kobolds
  A quokka skeleton (D:2)
  3 quokka zombies (D:2)
  10 rats
171 creatures vanquished.

Vanquished Creatures (others)
  A jelly (D:6)
1 creature vanquished.

Grand Total: 172 creatures vanquished

Table legend:
 A = Non-vault XP
 B = Vault XP
 C = Vault XP percentage of total XP
 D = Non-vault monster count
 E = Vault monster count
 F = Vault count percentage of total count
                 A         B        C        D         E       F
            +---------+---------+-------+---------+---------+-------
      Total |    3516 |     923 |  20.8 |     141 |      30 |  17.5
            +---------+---------+-------+---------+---------+-------
        D:1 |      63 |       0 |   0.0 |      29 |       0 |   0.0
        D:2 |     152 |      26 |  14.6 |      21 |       9 |  30.0
        D:3 |     126 |       0 |   0.0 |      26 |       0 |   0.0
        D:4 |     448 |       0 |   0.0 |      14 |       0 |   0.0
        D:5 |     379 |     111 |  22.7 |       7 |      10 |  58.8
        D:6 |     844 |       0 |   0.0 |      22 |       0 |   0.0
        D:7 |    1504 |       0 |   0.0 |      22 |       0 |   0.0
        D:8 |       0 |     630 | 100.0 |       0 |       3 | 100.0
      Sewer |       0 |     156 | 100.0 |       0 |       8 | 100.0
            +---------+---------+-------+---------+---------+-------

Skill      XL: |  1  2  3  4  5  6  7  8  9 |
---------------+----------------------------+-----
Transmutations | 3 4 5 6 7 |  7.6
Poison Magic   | 1 2 |  2.0
Spellcasting   | 3 4 5 |  5.1
Ice Magic      | 1 2 4 5 |  5.5
Fighting       | 2 3 4 |  4.1
Unarmed Combat | 4 5 6 |  6.4
Dodging        | 3 4 |  4.3

Action                     |  1- 3 |  4- 6 |  7- 9 || total
---------------------------+-------+-------+-------++-------
  Melee: Unarmed           |    80 |   156 |   238 ||   474
         Kick              |    17 |    27 |     9 ||    53
         Constrict         |    20 |    31 |     8 ||    59
         Tentacles         |    10 |    23 |    14 ||    47
         Punch             |     3 |     1 |     2 ||     6
   Cast: Beastly Appendage |    13 |    18 |     4 ||    35
         Wereblood         |     1 |     6 |    10 ||    17
         Spider Form       |     1 |     3 |     3 ||     7
         Ice Form          |       |     1 |    17 ||    18
    Use: Potion            |     2 |       |     1 ||     3
         Scroll            |     3 |     4 |     8 ||    15
   Stab: Sleeping          |     4 |     5 |       ||     9
 Armour: Skin              |    11 |    13 |    92 ||   116
  Dodge: Dodged            |    51 |   100 |   155 ||   306

Illustrated notes

Table legend:
 A = Kills in this place as a percentage of kills in the entire game.
 B = Kills by you in this place as a percentage of kills by you in the entire game.
 C = Kills by friends in this place as a percentage of kills by friends in the entire game.
 D = Other kills in this place as a percentage of other kills in the entire game.
 E = Experience gained in this place as a percentage of experience gained in the entire game.
 F = Experience gained in this place divided by the number of levels of this place that you have seen.
                   A       B       C       D       E      F
               +-------+-------+-------+-------+-------+----------------------
         Total | 100.0 | 100.0 |   N/A |   N/A | 100.0 | 493.2
       Dungeon |  95.3 |  95.3 |   N/A |   N/A |  96.5 | 535.4
         Sewer |   4.7 |   4.7 |   N/A |   N/A |   3.5 | 156.0
               +-------+-------+-------+-------+-------+----------------------

Table legend: (Time is in decaauts)
 A = Elapsed time spent in this place.
 B = Non-inter-level travel time spent in this place.
 C = Inter-level travel time spent in this place.
 D = Time resting spent in this place.
 E = Time spent auto-exploring this place.
 F = Levels seen in this place.
 G = Mean time per level.
                   A        B        C        D        E       F      G
               +--------+--------+--------+--------+--------+-----+--------+
         Total |   6752 |   6479 |    273 |    214 |   4811 |   9 |  750.2 |
       Dungeon |   6603 |   6330 |    273 |    214 |   4707 |   8 |  825.4 |
         Sewer |    149 |    149 |      0 |      0 |    104 |   1 |  149.0 |
               +--------+--------+--------+--------+--------+-----+--------+

Top non-repeatable levels by time:
     D:4: 1184 daAuts
     D:2: 1129 daAuts
     D:6: 936 daAuts
     D:7: 895 daAuts
     D:1: 872 daAuts
     D:5: 817 daAuts
     D:3: 666 daAuts
   Sewer: 149 daAuts
     D:8: 103 daAuts
